 Dungeon Crawl Stone Soup version 0.29-a0-1023-g6ae1a4a2c7 (webtiles) character file.

Game seed: 10075437631418272464

245 danilk0ff the Trooper (level 6, -8/56 HPs)
             Began as a Hill Orc Fighter on Aug 11, 2022.
             Was an Initiate of Beogh.
             Mangled by Grinder (9 damage)
             ... on level 4 of the Dungeon.
             The game lasted 00:07:13 (4250 turns).

danilk0ff the Trooper (Hill Orc Fighter)            Turns: 4250, Time: 00:07:14

Health: -8/56      AC:  9    Str: 21    XL:     6   Next: 10%
Magic:  6/6        EV:  9    Int:  8    God:    Beogh [......]
Gold:   161        SH:  4    Dex: 10    Spells: 5/5 levels left

rFire   . . .      SeeInvis .   a - +0 war axe
rCold   . . .      Faith    .   c - +0 buckler
rNeg    . . .      Spirit   .   b - +0 scale mail
rPois   .          Reflect  .   q - +0 helmet
rElec   .          Harm     .   (no cloak)
rCorr   .          Rampage  .   f - +0 pair of gloves
Will    .....                   (no boots)
Stlth   ..........              (no amulet)
HPRegen 0.18/turn               (no ring)
MPRegen 0.10/turn               (no ring)

@: no status effects
A: no striking features
a: Renounce Religion


You were on level 4 of the Dungeon.
You worshipped Beogh.
Beogh was noncommittal.
You visited 1 branch of the dungeon, and saw 4 of its levels.
You also visited: Sewer.

You collected 161 gold pieces.

Inventory:

Hand Weapons
 a - a +0 war axe (weapon)
Missiles
 j - a throwing net (quivered)
Armour
 b - a +0 scale mail (worn)
 c - a +0 buckler (worn)
 f - a +0 pair of gloves (worn)
 q - a +0 helmet (worn)
Jewellery
 k - a +6 ring of intelligence
Wands
 m - a wand of flame (16)
 s - a wand of iceblast (2)
Scrolls
 e - 5 scrolls of amnesia {unknown}
 g - 2 scrolls of teleportation {unknown}
 h - 2 scrolls of magic mapping {unknown}
 l - 7 scrolls of identify {unknown}
 n - 2 scrolls of enchant armour {unknown}
 p - a scroll of immolation {unknown}
 t - a scroll of butterflies {unknown}
Potions
 d - a potion of might
 i - 2 potions of curing {unknown}
 o - a potion of lignification {unknown}
 r - 8 potions of flight
 u - a potion of ambrosia {unknown}


   Skills:
 + Level 5.0 Fighting
 + Level 4.7 Axes
 + Level 4.5 Armour
 + Level 4.6 Shields


You had 5 spell levels left.
You didn't know any spells.
Your spell library contained the following spells:

 Spells                   Type           Power      Damage    Failure   Level
 Beastly Appendage        Tmut           0%         N/A       83%         1
 Magic Dart               Conj           0%         1d3       83%         1
 Call Imp                 Summ           0%         N/A       92%         2
 Wereblood                Tmut           0%         N/A       92%         2
 Mephitic Cloud           Conj/Pois/Air  0%         N/A       99%         3
 Spider Form              Tmut/Pois      0%         N/A       99%         3


Dungeon Overview and Level Annotations

Branches:
Dungeon (4/15)              Sewer (visited)
 Temple: D:4-7

Altars:

Shops:
D:4 (

Annotations:
D:4 Grinder


Message History

You suddenly lose the ability to move!
Grinder gestures at you.
You shrug off the repeated paralysis!
Grinder grins, showing sharp teeth.
Grinder hits you.
You writhe in agony.
Grinder gestures at you. Pain shoots through your body!
Grinder blinks!
You can move again.
You hit Grinder but do no damage. Grinder hits you but does no damage.
You slash Grinder!
Grinder is moderately wounded.
Grinder hits you!
You slash Grinder!
Grinder is heavily wounded.
Grinder hits you.
You writhe in agony.
Grinder gestures at you. Pain shoots through your body!
You barely miss Grinder.
Grinder is heavily wounded.
Grinder blinks!
You are too injured to fight recklessly!
You are too injured to fight recklessly!
You barely miss Grinder.
Grinder is heavily wounded.
Grinder hits you.
* * * LOW HITPOINT WARNING * * *
You writhe in agony.
* * * LOW HITPOINT WARNING * * *
You barely miss Grinder.
Grinder is heavily wounded.
Grinder hits you.
* * * LOW HITPOINT WARNING * * *
You barely miss Grinder.
Grinder is heavily wounded.
Grinder gestures at you. Pain shoots through your body!
* * * LOW HITPOINT WARNING * * *
Grinder hits you!
You die...

.............#....
......<......#...# ..
.####.##......... #$..
......#.##......####.#..
................#......
##..............#....#
##...##.............####
....# #.........5..##...
..#.# #.......##@.......
..#.###......###........
#...o##.).....##........
#....###......#......###
#.....##..##.........##
.....o....##..........#
..o.....)∩.........#..#
.......##.........##.##
.......##..##....## #


You could see Grinder.

Vanquished Creatures
  3 gnolls
  6 adders
  6 river rats (Sewer)
  2 worms (D:2)
  A dart slug (D:3)
  6 endoplasms
  11 giant cockroaches
  7 hobgoblins
  6 jackals
  10 kobolds
  3 quokkas (D:3)
  10 ball pythons
  16 bats
  3 frilled lizards
  8 goblins
  2 rats (D:1)
  A spectral kobold (D:2)
101 creatures vanquished.

Notes
Turn   | Place    | Note
-------+----------+-------------------------------------------
     0 | D:1      | danilk0ff the Hill Orc Fighter began the quest for the Orb.
     0 | D:1      | Reached XP level 1. HP: 19/19 MP: 1/1
   148 | D:1      | Reached XP level 2. HP: 25/27 MP: 2/2
   579 | D:1      | Reached skill level 4 in Fighting
   600 | D:1      | Reached XP level 3. HP: 31/33 MP: 3/3
  1066 | D:2      | Reached XP level 4. HP: 25/40 MP: 4/4
  1564 | D:2      | Found a faded altar of an unknown god.
  2521 | D:3      | Found a glowing drain.
  2528 | D:3      | Reached XP level 5. HP: 41/47 MP: 5/5
  2545 | Sewer    | Entered a sewer
  3543 | Sewer    | Reached skill level 5 in Fighting
  3751 | D:3      | Reached XP level 6. HP: 44/56 MP: 6/6
  4180 | D:4      | Found Orapp's Antique Weapon Emporium.
  4181 | D:4      | Became a worshipper of Beogh the Brigand
  4216 | D:4      | Noticed Grinder
  4229 | D:4      | Paralysed by Grinder for 2 turns
  4234 | D:4      | Paralysed by Grinder for 5 turns
  4250 | D:4      | HP: 1/56 [Grinder/nerve-wracking pain (5)]
  4250 | D:4      | Mangled by Grinder

Illustrated notes

Levels and vault maps discovered:
D:1:      lemuel_arrival_room, layout_basic
D:2:      layout_basic, dreamdust_ecumenical_altar_drowned_temple,
          kennysheep_generic_room_6
D:3:      layout_basic, portal_sewer_entry_f, due_unseen_surprise
D:4:      layout_cave_pools, mainiacjoe_overflow_two_lobes, serial_shops,
          kennysheep_little_box, nicolae_square_shop, uniq_robin, uniq_grinder

Skill      XL: |  1  2  3  4  5 |
---------------+----------------+-----
Axes           | 3 4 |  4.7
Fighting       | 4 5 |  5.0
Shields        | 4 |  4.6
Armour         | 4 |  4.5

Action                   |  1- 3 |  4- 6 || total
-------------------------+-------+-------++-------
Melee: War axe           |    79 |   276 ||   355
Invok: Convert to Beogh  |       |     1 ||     1
Armor: Scale mail        |    47 |   152 ||   199
Dodge: Dodged            |    48 |   164 ||   212
Block: Buckler           |    22 |    78 ||   100

Table legend: (Time is in decaauts)
 A = Elapsed time spent in this place.
 B = Non-inter-level travel time spent in this place.
 C = Inter-level travel time spent in this place.
 D = Time resting spent in this place.
 E = Time spent auto-exploring this place.
 F = Levels seen in this place.
 G = Mean time per level.
                   A        B        C        D        E       F      G
               +--------+--------+--------+--------+--------+-----+--------+
         Total |   4548 |   4446 |    102 |    828 |   2695 |   5 |  909.6 |
       Dungeon |   3228 |   3126 |    102 |    422 |   2090 |   4 |  807.0 |
         Sewer |   1320 |   1320 |      0 |    406 |    605 |   1 | 1320.0 |
               +--------+--------+--------+--------+--------+-----+--------+

Top non-repeatable levels by time:
   Sewer: 1320 daAuts
     D:2: 1114 daAuts
     D:1: 1056 daAuts
     D:3: 815 daAuts
     D:4: 240 daAuts
